 Dungeon Crawl Stone Soup version 0.24.0-1-gfbc8707 (webtiles) character file.

Game seed: 6239509702666056709, levelgen mode: deterministic

1523 Buxparty the Quickloader (level 8, -1/72 HPs)
             Began as a Deep Dwarf Hunter on Dec 27, 2019.
             Was a Follower of Makhleb.
             Splashed by a jelly's acid (7 damage)
             ... on level 6 of the Dungeon.
             The game lasted 00:10:57 (3362 turns).

Buxparty the Quickloader (Deep Dwarf Hunter)        Turns: 3362, Time: 00:10:58

Health: -1/72      AC: -34   Str: 17    XL:     8   Next: 54%
Magic:  0/0        EV: 14    Int: 11    God:    Makhleb [*.....]
Gold:   253        SH:  0    Dex: 15    Spells: 7/7 levels left

rFire    x . .     SeeInvis .   b - +0 short sword
rCold    + . .     Gourm    .   (no shield)
rNeg     . . .     Faith    .   c - +0 leather armour
rPois    .         Spirit   .   w - +0 helmet
rElec    .         Reflect  .   r - +0 cloak
rCorr    .         Harm     .   (no gloves)
MR       +....                  (no boots)
Stlth    ++........             (no amulet)
HPRegen  0.00/turn              q - ring of ice
MPRegen  0.07/turn              (no ring)

@: corroded, non-regenerating
A: damage resistance, heal wounds, sense surroundings 1, no regeneration
a: Heal Wounds, Renounce Religion


You were on level 6 of the Dungeon.
You worshipped Makhleb.
Makhleb was aware of your devotion.
You were not hungry.

You visited 2 branches of the dungeon, and saw 7 of its levels.

You collected 253 gold pieces.

Inventory:

Hand Weapons
 a - a +1 hand crossbow
 b - a +0 short sword (weapon)
Missiles
 d - 16 bolts
Armour
 c - a +0 leather armour (worn)
 r - a +0 cloak (worn)
 w - a +0 helmet (worn)
Jewellery
 q - a ring of ice (left hand)
Scrolls
 e - 7 scrolls of identify {unknown}
 f - 2 scrolls of remove curse {unknown}
 g - a scroll of fear {unknown}
 j - a scroll of blinking {unknown}
 n - 3 scrolls of immolation {unknown}
 o - 2 scrolls of random uselessness {unknown}
 s - 3 scrolls of amnesia {unknown}
 t - a scroll of magic mapping {unknown}
Potions
 h - 2 potions of agility {unknown}
 i - a potion of brilliance {unknown}
 k - 3 potions of curing {unknown}
 l - a potion of mutation {unknown}
 p - a potion of berserk rage {unknown}
 u - a potion of heal wounds {unknown}
 v - a potion of lignification {unknown}
Comestibles
 m - 5 rations


   Skills:
 + Level 4.2 Fighting
 + Level 3.1 Short Blades
 + Level 8.9 Crossbows
 + Level 4.0 Armour
 + Level 5.0 Dodging
 + Level 1.7 Stealth


You had 7 spell levels left.
You didn't know any spells.
Your spell library contained the following spells:

 Spells                   Type           Power        Failure   Level  Hunger
 Confusing Touch          Hex            #.....       38%         1    ##.....
 Confuse                  Hex            #.......     77%         3    ####...
 Gell's Gravitas          Tloc           #.........   77%         3    ####...
 Petrify                  Tmut/Erth      #.......     99%         4    #####..
 Metabolic Englaciation   Hex/Ice        #.........   100%        5    ######.
 Yara's Violent Unravell  Hex/Tmut       #.........   100%        5    ######.


Dungeon Overview and Level Annotations

Branches:
Dungeon (5/15)             Temple (1/1) D:5

Altars:
Ashenzari
Cheibriados
Dithmenos
Elyvilon
Fedhas
Gozag
Kikubaaqudgha
Makhleb
Nemelex Xobeh
Okawaru
Qazlal
Ru
Sif Muna
Trog
Vehumet
Wu Jian
Xom
Yredelemnul
Zin
The Shining One


Innate Abilities, Weirdness & Mutations

You are resistant to damage.
You can heal yourself by infusing magical energy.
You passively map a small area around you.
You do not regenerate.


Message History

You hit the jelly but do no damage. The acid corrodes you!
Your hands burn!
* * * LOW HITPOINT WARNING * * *
The jelly is almost dead.
The jelly barely misses you.
You hit the jelly but do no damage.
Your hands burn!
* * * LOW HITPOINT WARNING * * *
The jelly is almost dead.
The jelly hits you.
You are splashed with acid!
* * * LOW HITPOINT WARNING * * *
You hit the jelly but do no damage.
Your hands burn!
The jelly is almost dead.
The jelly barely misses you.
You hit the jelly but do no damage.
Your hands burn!
* * * LOW HITPOINT WARNING * * *
The jelly is almost dead.
The jelly barely misses you.
You hit the jelly but do no damage.
Your hands burn!
The jelly is almost dead.
The jelly hits you.
You are splashed with acid!
You die...

(....#
##....####)#..#..###.
######
...........#..#..###.
##....##.............
#....##...###..####.
#........)## ..#* ,
##.....#.......>.. ,
#..........####.##
#..J.......## #.#####
#...@.##..... .......
#.###......# #......
* #.##.#.# #.##### *
#.##.#.# #.# #. ,
#.##.#.# #.####. *
#.##.#.# #.#<... ,
#......####.####. * *
####............. ,
##############


You could see a jelly.

Vanquished Creatures
  Grinder (D:3)
  Sigmund (D:5)
  3 orc warriors
  2 ogres (D:6)
  A centaur (D:6)
  A howler monkey (D:4)
  3 crimson imps
  2 orc priests (D:6)
  An orc wizard (D:6)
  Natasha (thrice) (D:2)
  5 worker ants
  A hound skeleton (D:6)
  Robin (D:2)
  4 gnolls (D:6)
  4 adders
  2 worms
  A dart slug (D:1)
  4 leopard geckos
  6 orcs
  3 giant cockroaches
  14 hobgoblins
  19 jackals
  2 kobolds
  5 bats
  19 goblins
  A jackal skeleton (D:4)
  A quokka skeleton (D:6)
  4 rats (D:1)
  A spectral orc (D:6)
115 creatures vanquished.

Notes
Turn   | Place    | Note
-------+----------+-------------------------------------------
     0 | D:1      | Buxparty the Deep Dwarf Hunter began the quest for the Orb.
     0 | D:1      | Reached XP level 1. HP: 19/19 MP: 1/1
    45 | D:1      | Reached XP level 2. HP: 17/26 MP: 2/2
   159 | D:1      | Reached skill level 5 in Crossbows
   639 | D:1      | Reached XP level 3. HP: 21/32 MP: 3/3
   964 | D:2      | Reached skill level 1 in Armour
  1017 | D:2      | Found a sacrificial altar of Ru.
  1029 | D:2      | Reached XP level 4. HP: 33/39 MP: 4/4
  1043 | D:2      | Noticed Natasha
  1059 | D:2      | Killed Natasha
  1074 | D:2      | Noticed Robin
  1090 | D:2      | Killed Robin
  1113 | D:2      | Found a sparkling altar of Nemelex Xobeh.
  1370 | D:2      | Noticed Natasha
  1382 | D:2      | Killed Natasha
  1382 | D:2      | Reached XP level 5. HP: 38/46 MP: 5/5
  1413 | D:2      | Noticed Natasha
  1419 | D:2      | Killed Natasha
  1463 | D:2      | Found a glowing silver altar of Zin.
  1487 | D:3      | Reached skill level 6 in Crossbows
  1537 | D:3      | Noticed an orc warrior
  1551 | D:3      | Killed an orc warrior
  1551 | D:3      | Reached XP level 6. HP: 39/55 MP: 5/5
  1571 | D:3      | Found a shimmering blue altar of Sif Muna.
  1661 | D:3      | Noticed Grinder
  1668 | D:3      | Killed Grinder
  1668 | D:3      | Reached skill level 7 in Crossbows
  1754 | D:3      | Reached XP level 7. HP: 37/62 MP: 6/6
  2120 | D:4      | Found a shadowy altar of Dithmenos.
  2380 | D:5      | Entered Level 5 of the Dungeon
  2435 | D:5      | Found a staircase to the Ecumenical Temple.
  2442 | Temple   | Entered the Ecumenical Temple
  2494 | Temple   | Became a worshipper of Makhleb the Destroyer
  2546 | D:5      | Noticed Sigmund
  2572 | D:5      | Killed Sigmund
  2572 | D:5      | Reached skill level 1 in Short Blades
  2572 | D:5      | Reached skill level 8 in Crossbows
  2598 | D:5      | You fall into a shaft and drop 1 floor!
  2924 | D:6      | Reached XP level 8. HP: 40/69 MP: 7/7
  3004 | D:6      | Found a basalt altar of Yredelemnul.
  3089 | D:6      | Found an ornate altar of the Wu Jian Council.
  3113 | D:6      | Reached * piety under Makhleb
  3193 | D:6      | Reached skill level 5 in Dodging
  3362 | D:6      | Splashed by a jelly's acid

Levels and vault maps discovered:
D:1:      erik_arrival_cave_to_civilisation [erik_arrival_cave_to_temple],
          layout_loops_corners, minivault_4
D:2:      layout_rooms, old_standard_altar, nicolae_ru_sacrificial_ziggurat,
          zin_statuary, uniq_natasha, uniq_robin
D:3:      layout_rooms, lemuel_doored_altar, uniq_grinder
D:4:      layout_basic, nicolae_dithmenos_through_a_glass_darkly
D:5:      layout_basic, minmay_temple_entry_drinking_statues, first_ration,
          uniq_sigmund
D:6:      layout_basic, nicolae_overflow_hidden_temple,
          yredelemnul_forgotten_temple_becter, overflow_temple_1_default,
          kennysheep_mini_moat, lemuel_round_altar
Temple:   dshaligram_water_room_temple

Skill      XL: |  1  2  3  4  5  6  7  8 |
---------------+-------------------------+-----
Crossbows      | 5 6 7 8 |  8.9
Fighting       | 2 3 4 |  4.2
Armour         | 1 2 3 4 |  4.0
Dodging        | 3 4 5 |  5.0
Short Blades   | 2 3 |  3.1
Stealth        | |  1.7

Action                   |  1- 3 |  4- 6 |  7- 9 || total
-------------------------+-------+-------+-------++-------
Melee: Short sword       |       |    29 |   229 ||   258
 Fire: Hand crossbow     |    83 |   105 |   111 ||   299
 Abil: Heal Wounds       |     1 |     6 |    17 ||    24
  Eat: Ration            |       |     1 |     2 ||     3
Armor: Leather armour    |    17 |    26 |    33 ||    76
Dodge: Dodged            |    44 |    81 |   168 ||   293
